 Dungeon Crawl Stone Soup version 0.22-a0-833-g8522bf8125 (webtiles) character file.

113 Htamos the Cudgeler (level 4, -3/44 HPs)
             Began as a Troll Fighter on July 25, 2018.
             Slain by a gnoll
             ... wielding a +2 spear of piercing
              (9 damage)
             ... on level 2 of the Dungeon.
             The game lasted 00:02:03 (1437 turns).

Htamos the Cudgeler (Troll Fighter)                 Turns: 1437, Time: 00:02:04

Health: -3/44      AC:  5    Str: 24    XL:     4   Next: 65%
Magic:  3/3        EV:  8    Int:  4    God:
Gold:   174        SH:  8    Dex: 10    Spells: 3/3 levels left

rFire    . . .     SeeInvis .   a - +0 flail
rCold    . . .     Gourm    +   c - +0 shield
rNeg     . . .     Faith    .   b - +0 robe
rPois    .         Spirit   .   (helmet restricted)
rElec    .         Reflect  .   (no cloak)
rCorr    .         Harm     .   (gloves unavailable)
MR       .....                  (boots unavailable)
Stlth    +.........             (no amulet)
HPRegen  0.54/turn              (no ring)
MPRegen  0.08/turn              (no ring)

@: no status effects
A: large, unfitting armour, claws 3, fast metabolism 3, gourmand, regeneration
1, shaggy fur 1, tough skin 2
a: no special abilities


You were on level 2 of the Dungeon.
You were very full.

You visited 1 branch of the dungeon, and saw 2 of its levels.

You collected 174 gold pieces.

Inventory:

Hand Weapons
 a - a +0 flail (weapon)
Armour
 b - a +0 robe (worn)
 c - a +0 shield (worn)
Jewellery
 j - an uncursed amulet of guardian spirit {unknown}
 l - an uncursed ring of see invisible {unknown}
 s - an uncursed amulet of faith {unknown}
Scrolls
 e - 2 scrolls of immolation {unknown}
 g - 2 scrolls of magic mapping {unknown}
 h - a scroll of random uselessness {unknown}
 i - 2 scrolls of identify {unknown}
 k - a scroll of teleportation {unknown}
 o - 3 scrolls of remove curse {unknown}
 p - a scroll of enchant armour {unknown}
 u - a scroll of fog {unknown}
Potions
 d - a potion of might
 m - a potion of curing {unknown}
 n - a potion of brilliance {unknown}
 q - a potion of berserk rage {unknown}
 t - 2 potions of haste
Comestibles
 f - 4 rations
 r - 3 chunks of flesh


   Skills:
 + Level 2.9 Fighting
 * Level 3.1 Maces & Flails
 + Level 1.3 Armour
 + Level 3.0 Dodging
 - Level 2.4 Shields


You had 3 spell levels left.
You didn't know any spells.
Your spell library was empty.

Dungeon Overview and Level Annotations

Branches:
Dungeon (2/15)

Altars:


Innate Abilities, Weirdness & Mutations

You are too large for most types of armour.
You have claws for hands.
Your metabolism is lightning-fast.
You like to eat raw meat.
Your natural rate of healing is unusually fast.
You are covered in fur. (AC +1)
You have very tough skin. (AC +2)


Message History

* * * LOW HITPOINT WARNING * * *
You block the rat's attack.
You hit the gnoll but do no damage. You block the gnoll's attack.
The rat barely misses you.
You hit the gnoll.
The gnoll is heavily wounded.
The gnoll hits you with a spear of piercing!
* * * LOW HITPOINT WARNING * * *
x2 The rat barely misses you.
The gnoll closely misses you.
You hit the gnoll but do no damage.
The gnoll is heavily wounded.
You block the rat's attack.
The gnoll hits you with a spear of piercing.
* * * LOW HITPOINT WARNING * * *
x2 You closely miss the gnoll.
The gnoll is heavily wounded.
The rat bites you.
* * * LOW HITPOINT WARNING * * *
The gnoll hits you with a spear of piercing!
You die...

#...# #.# ### #...# #..
.. # #...# ..# .#.#
#...# #.# #.#.# #...#
#<###....# #...#
#.##.....# #...#
#.##....#
#...##########.##.# #
####....r@........##.#.#
#.......g...#####.##.#.#
########.##.##.###.#
#......#
....r.rg.##....# #.#
#.##.###
#############..# #.#
#.##.# #..# #.# #.##>#
#..# #.# #.##.# #..# #.#
#.##.# #..# #.#####.##.#


You could see a gnoll and a rat.

Vanquished Creatures
  Terence (D:2)
  2 gnolls (D:1)
  2 adders (D:2)
  3 worms (D:2)
  A dart slug (D:1)
  A leopard gecko (D:2)
  4 giant cockroaches
  6 goblins
  4 hobgoblins
  5 kobolds
  2 ball pythons
  6 bats
  3 rats
40 creatures vanquished.

Notes
Turn   | Place    | Note
-------+----------+-------------------------------------------
     0 | D:1      | Htamos the Troll Fighter began the quest for the Orb.
     0 | D:1      | Reached XP level 1. HP: 22/22 MP: 0/0
   208 | D:1      | Reached XP level 2. HP: 29/29 MP: 1/1
   816 | D:2      | Reached XP level 3. HP: 20/36 MP: 2/2
  1061 | D:2      | Noticed Terence
  1068 | D:2      | Killed Terence
  1068 | D:2      | Reached skill level 1 in Armour
  1068 | D:2      | Reached XP level 4. HP: 38/44 MP: 3/3
  1437 | D:2      | Slain by a gnoll

Vault maps used:
D:1:      saegor_arrival_simple_b, minmay_pentomino_z2
D:2:      uniq_terence

Skill      XL: |  1  2  3  4 |
---------------+-------------+-----
Maces & Flails | 2 3 |  3.1
Armour         | 1 |  1.3
Dodging        | 3 |  3.0
Fighting       | |  2.9
Shields        | |  2.4

Action                   |  1- 3 |  4- 6 || total
-------------------------+-------+-------++-------
Melee: Flail             |   121 |    49 ||   170
  Eat: Chunk             |    16 |     3 ||    19
Armor: Robe              |    61 |    11 ||    72
Dodge: Dodged            |    40 |    19 ||    59
Block: Shield            |    81 |    24 ||   105

Table legend:
 A = Spawn XP
 B = Non-spawn XP
 C = Spawn XP percentage of total XP
 D = Spawn monster count
 E = Non-spawn monster count
 F = Spawn count percentage of total count
 G = Total turns spent on level
                    A         B        C        D         E        F      G
               +---------+---------+-------+---------+---------+-------+---------
         Total |       0 |     162 |   0.0 |       0 |      40 |   0.0 |  1437
               +---------+---------+-------+---------+---------+-------+---------
           D:1 |       0 |      60 |   0.0 |       0 |      20 |   0.0 |   846
           D:2 |       0 |     102 |   0.0 |       0 |      20 |   0.0 |   591
               +---------+---------+-------+---------+---------+-------+---------
